 Dungeon Crawl Stone Soup version bcrawl-1.27.1d (webtiles) character file.

Game seed: 15706379749951563471

140649 OutcastIllithid the Conjurer (level 6, -3/36 HPs)
             Began as an Octopode Wizard on July 15, 2020.
             Slain by a sky beast (5 damage)
             ... on level 4 of the Dungeon.
             The game lasted 00:11:10 (3564 turns).

OutcastIllithid the Conjurer (Octopode Wizard)      Turns: 3564, Time: 00:11:10

Health: -3/36      AC:  1    Str:  9    XL:     6   Next: 15%
Magic:  12/12      EV: 13    Int: 22    God:
Gold:   219        SH:  0    Dex: 10    Spells: 5/13 levels left

rFire    . . .     SeeInvis .   c - -1 spear (curse)
rCold    . . .     Gourm    .   (no shield)
rNeg     . . .     Faith    .   b - +0 hat
rPois    .         Spirit   .   (cloak restricted)
rElec    .         Reflect  .   (no amulet)
rCorr    .         Harm     .   (no ring)
MR       .....     Clarity  +   (no ring)
Stlth    +++.......             (no ring)
HPRegen  0.12/turn              (no ring)
MPRegen  0.13/turn              (no ring)
                                (no ring)
                                (no ring)
                                (no ring)

@: no status effects
A: almost no armour, stealthy swim, amphibious, 8 rings, constrict 8, camouflage
1, clarity, strong 1, gelatinous body 1
a: no special abilities


You were on level 4 of the Dungeon.
You were hungry.

You visited 1 branch of the dungeon, and saw 4 of its levels.

You collected 219 gold pieces.

Inventory:

Hand Weapons
 a - a +0 staff
 c - a cursed -1 spear (weapon)
 k - a +1 hand axe of flaming
 p - a +2 mace of holy wrath
Armour
 b - a +0 hat (worn)
Scrolls
 e - a scroll of fear
 h - 3 scrolls of enchant weapon
 m - a scroll of noise {unknown}
 n - a scroll of amnesia {unknown}
 t - 2 scrolls of teleportation
 B - a scroll of blinking {!r}
Potions
 d - a potion of brilliance
 g - a potion of might
Comestibles
 f - 4 chunks of flesh
 o - 6 rations {!d}


   Skills:
 - Level 2.0 Dodging
 - Level 3.0 Stealth
 + Level 4.2 Spellcasting
 - Level 5.0 Conjurations
 - Level 1.0 Summonings
 - Level 1.0 Translocations


You had 5 spell levels left.
You knew the following spells:

 Your Spells              Type           Power        Failure   Level  Hunger
a - Magic Dart            Conj           ####         1%          1    None
b - Blink                 Tloc           N/A          11%         2    None
c - Call Imp              Summ           #.....       11%         2    None
x - Mephitic Cloud        Conj/Pois/Air  ##......     17%         3    ###....

Your spell library contained the following spells:

 Spells                   Type           Power        Failure   Level  Hunger
 Conjure Flame            Conj/Fire      ###.....     12%         3    ###....
 Spider Form              Tmut/Pois      #..          32%         3    ###....


Dungeon Overview and Level Annotations

Branches:
Dungeon (4/12)
 Temple: D:4-7

Altars:
Hepliaklqana
Okawaru

Shops:
D:4 (

Annotations:
D:4 Dowan, Duvessa


Innate Abilities, Weirdness & Mutations

You cannot wear most types of armour.
You are very stealthy in the water. (Stealth+)
You are amphibious.
You can wear up to eight rings at the same time.
You can use your tentacles to constrict eight enemies at once.
Your skin changes colour to match your surroundings (Stealth+).
Your rubbery body absorbs attacks. (AC +1, EV +1)
You possess an exceptional clarity of mind.
Your muscles are strong. (Str +2)


Message History

No path to travel!
The orc completely misses you.
A sky beast appears from thin air!
Reactivating autopickup.
Okay, then.
The sky beast flickers out of sight!
Deactivating autopickup; reactivate with Ctrl-A.
Okay, then.
You are feeling hungry.
There is a stone staircase leading down here.
Really walk into a travel-excluded area?
Duvessa shouts!
A bullfrog comes into view.
Really walk into a travel-excluded area?
There is a stone staircase leading up here.
Duvessa drinks a potion.
Duvessa flickers and vanishes!
Something hits you.
* * * LOW HITPOINT WARNING * * *
Something shocks you.
You die...

..#.#..... ........
.....F. # ..e..#
#.#≈≈ #...{# ..≈≈#
#....##..≈#≈≈
###......>..#≈≈
...#...@O......≈##
.......{.........#≈
...................
..........o......#
..#..............# #
#
##.......>.....##.##
# #..###.!.Z.........
.
#..##.........##..##.
...............#
.....


You could see an ogre, a bullfrog (wandering), Dowan (wandering), an orc and a
bullfrog skeleton.

Levels and vault maps discovered:
D:1:      lemuel_arrival_tunnels, layout_basic
D:2:      layout_loops_cross, lemuel_coloured_pillars_altar, lemuel_round_altar
D:3:      cheibrodos_old_hovel, layout_loops_ring, first_ration
D:4:      layout_cave_pools, serial_shops, shop, palyth_stone_intersect,
          minivault_4, uniq_duvessa

Notes
Turn   | Place    | Note
-------+----------+-------------------------------------------
     0 | D:1      | OutcastIllithid the Octopode Wizard began the quest for the
                  | Orb.
     0 | D:1      | Reached XP level 1. HP: 11/11 MP: 4/4
    31 | D:1      | Identified a scroll of identify
   161 | D:1      | Reached skill level 2 in Conjurations
   161 | D:1      | Reached XP level 2. HP: 17/17 MP: 6/6
   169 | D:1      | Learned a level 2 spell: Blink
   172 | D:1      | Learned a level 2 spell: Call Imp
   903 | D:1      | Identified a potion of mutation
   904 | D:1      | Identified a potion of might
   905 | D:1      | Gained mutation: Your muscles are strong. (Str +2) [potion
                  | of mutation]
   905 | D:1      | Gained mutation: You possess an exceptional clarity of
                  | mind. [potion of mutation]
   958 | D:1      | Identified a +0 club
  1025 | D:2      | Identified a cursed -1 spear (You found it on level 2 of
                  | the Dungeon)
  1112 | D:2      | Identified a +0 club
  1116 | D:2      | Identified a +0 whip
  1194 | D:2      | Reached XP level 3. HP: 16/21 MP: 3/7
  1199 | D:2      | Learned a level 3 spell: Mephitic Cloud
  1329 | D:2      | Reached skill level 3 in Conjurations
  1470 | D:2      | Found a hazy altar of Hepliaklqana.
  1473 | D:2      | Identified a +0 club
  1547 | D:2      | Identified a +0 dagger
  1547 | D:2      | Identified a +0 hunting sling
  1734 | D:2      | Identified a +0 club
  1784 | D:2      | Found an iron altar of Okawaru.
  1956 | D:3      | Identified a +0 club
  2060 | D:3      | Identified a +0 morningstar
  2060 | D:3      | Identified a +0 ring mail
  2061 | D:3      | Identified a +0 short sword
  2063 | D:3      | Reached XP level 4. HP: 27/27 MP: 4/8
  2063 | D:3      | Identified a +0 leather armour
  2112 | D:3      | Identified a +0 whip
  2218 | D:3      | Identified a +1 hand axe of flaming
  2219 | D:3      | Identified a +0 whip
  2220 | D:3      | Identified a +0 club
  2220 | D:3      | Identified a +0 ring mail
  2221 | D:3      | Reached skill level 4 in Conjurations
  2224 | D:3      | Identified a +0 club
  2224 | D:3      | Identified a +0 dagger
  2224 | D:3      | Identified a +0 robe
  2388 | D:3      | Identified a +0 dagger
  2388 | D:3      | Identified a +0 robe
  2390 | D:3      | Identified a +0 club
  2390 | D:3      | Identified a cursed -1 flail
  2390 | D:3      | Identified a +0 chain mail
  2471 | D:3      | Identified a +2 mace of holy wrath
  2484 | D:3      | Identified a scroll of blinking
  2485 | D:3      | Identified a scroll of enchant weapon
  2486 | D:3      | Identified a scroll of fear
  2542 | D:3      | Identified a +0 dagger
  2549 | D:3      | Reached XP level 5. HP: 19/31 MP: 4/9
  2660 | D:3      | Identified 3 scrolls of teleportation
  2687 | D:3      | Reached skill level 5 in Conjurations
  2707 | D:3      | Identified a +0 hand axe
  2707 | D:3      | Identified a +0 club
  2707 | D:3      | Identified a cursed +0 leather armour
  3026 | D:3      | Identified a +0 dagger
  3067 | D:3      | Identified a +0 short sword
  3136 | D:4      | Identified a +2 short sword of venom
  3136 | D:4      | Identified a +0 leather armour
  3136 | D:4      | Noticed Duvessa
  3136 | D:4      | Identified a +0 dagger
  3136 | D:4      | Identified a cursed +0 robe
  3136 | D:4      | Noticed Dowan
  3136 | D:4      | Identified a +0 giant club
  3136 | D:4      | Noticed an ogre
  3138 | D:4      | Identified a +0 club
  3138 | D:4      | Identified a +0 leather armour
  3138 | D:4      | Identified a +0 halberd
  3138 | D:4      | Identified a +0 spear
  3138 | D:4      | Identified a +0 spear
  3146 | D:4      | Identified a +0 flail
  3146 | D:4      | Identified a +0 ring mail
  3154 | D:4      | Identified a +0 dagger of venom
  3154 | D:4      | Identified a +0 leather armour
  3154 | D:4      | Identified a +0 club
  3250 | D:3      | Identified a potion of heal wounds
  3380 | D:4      | Found Zuupomy's Weapon Shop.
  3485 | D:4      | Reached XP level 6. HP: 35/36 MP: 6/11
  3491 | D:4      | Noticed a sky beast
  3497 | D:4      | Reached skill level 4 in Spellcasting
  3545 | D:4      | HP: 3/36 [bullfrog skeleton (8)]
  3564 | D:4      | HP: 2/36 [something (3)]
  3564 | D:4      | Slain by a sky beast

Table legend:
 A = Turns spent in this place as a percentage of turns spent in the entire game.
 B = Non-inter-level travel turns spent in this place as a percentage of non-inter-level travel turns spent in the entire game.
 C = Inter-level travel turns spent in this place as a percentage of turns spent in this place.
 D = Turns resting spent in this place as a percentage of non-inter-level travel turns spent in this place.
 E = Turns spent auto-exploring this place as a percentage of non-inter-level travel turns spent in this place.
 F = Non-inter-level travel turns spent in this place divided by the number of levels of this place that you've seen.
                   A       B       C       D       E      F
               +-------+-------+-------+-------+-------+----------------------
         Total | 100.0 | 100.0 |   4.1 |   3.7 |  77.9 | 854.5
       Dungeon | 100.0 | 100.0 |   4.1 |   3.7 |  77.9 | 854.5
               +-------+-------+-------+-------+-------+----------------------

Table legend:
 A = Kills in this place as a percentage of kills in entire the game.
 B = Kills by you in this place as a percentage of kills by you in the entire game.
 C = Kills by friends in this place as a percentage of kills by friends in the entire game.
 D = Other kills in this place as a percentage of other kills in the entire game.
 E = Experience gained in this place as a percentage of experience gained in the entire game.
 F = Experience gained in this place divided by the number of levels of this place that you have seen.
                   A       B       C       D       E      F
               +-------+-------+-------+-------+-------+----------------------
         Total | 100.0 | 100.0 |   N/A | 100.0 | 100.0 |  91.5
       Dungeon | 100.0 | 100.0 |   N/A | 100.0 | 100.0 |  91.5
               +-------+-------+-------+-------+-------+----------------------

Skill      XL: |  1  2  3  4  5  6 |
---------------+-------------------+-----
Conjurations   | 2 3 4 5 |  5.0
Spellcasting   | 4 |  4.2
Dodging        | |  2.0
Stealth        | |  3.0
Summonings     | |  1.0
Translocations | |  1.0

Action                   |  1- 3 |  4- 6 || total
-------------------------+-------+-------++-------
Melee: Staff             |    21 |       ||    21
       Constrict         |    20 |    22 ||    42
       Tentacles         |    15 |    19 ||    34
       Spear             |    68 |    95 ||   163
 Cast: Magic Dart        |    18 |    56 ||    74
       Mephitic Cloud    |       |     4 ||     4
  Use: Scroll            |     2 |     5 ||     7
       Potion            |     1 |     1 ||     2
 Stab: Sleeping          |     6 |     4 ||    10
       Distracted        |     1 |     1 ||     2
       Confused          |       |     2 ||     2
  Eat: Chunk             |     6 |     9 ||    15
Armor: Skin              |     6 |     5 ||    11
Dodge: Dodged            |    48 |    56 ||   104

Vanquished Creatures
  A gnoll shaman (D:4)
  2 orc wizards (D:3)
  4 gnolls
  5 adders (D:3)
  4 worms
  2 dart slugs (D:1)
  3 leopard geckos
  14 orcs
  3 giant cockroaches
  2 goblins
  9 hobgoblins
  A jackal (D:3)
  5 kobolds
  6 quokkas
  2 bats
  5 frilled lizards
  6 rats
74 creatures vanquished.
